 Dungeon Crawl Stone Soup version 0.24.1 (webtiles) character file.

Game seed: 14227144370935032776, levelgen mode: deterministic

3346812 Amplified the Invulnerable (level 27, 245/245 HPs)
             Began as a Minotaur Fighter on Apr 3, 2020.
             Was the Champion of Nemelex Xobeh.
             Escaped with the Orb
             ... and 5 runes!
             The game lasted 02:17:27 (68730 turns).

Amplified the Invulnerable (Minotaur Fighter)      Turns: 68730, Time: 02:17:28

Health: 245/245    AC: 19    Str: 31    XL:     27
Magic:  43/43      EV: 25    Int: 25    God:    Nemelex Xobeh [******]
Gold:   8154       SH: 19    Dex: 10    Spells: 24/29 levels left

rFire    + + +     SeeInvis +   W - +11 war axe of the Lamprey {freeze, Fragile rPois rF+++ Dex-2}
rCold    + . .     Gourm    .   s - +0 shield {rC+}
rNeg     + + .     Faith    .   a - +2 troll leather armour "Gocziy" {rC- rN++ Regen+ rCorr Int+4}
rPois    +         Spirit   +   N - +1 hat {SInv}
rElec    +         Reflect  .   I - +1 cloak {MR+}
rCorr    +         Harm     .   U - +2 pair of gloves {Str+3}
MR       ++++.     NoTele   +   (boots unavailable)
Stlth    ..........             C - amulet of guardian spirit
HPRegen  0.90/turn              e - ring of Peace {-Tele rElec Int+8 Slay+5 SInv}
MPRegen  0.28/turn              Z - ring of Fipse {rC+ MP+9 Int+4 Dex+2}

@: no status effects
A: retaliatory headbutt, hooves 3, horns 2, large bone plates 1, clever 1,
clumsy 2, frail 1, low mp 1, magic resistance 1, teleportitis 1, evolution 1
0: Orb of Zot
}: 5/15 runes: barnacled, slimy, silver, abyssal, gossamer
a: Draw Escape, Draw Destruction, Draw Summoning, Triple Draw, Deal Four, Stack
Five, Renounce Religion


You escaped.
You worshipped Nemelex Xobeh.
Nemelex Xobeh was exalted by your worship.
You were full.

You visited 11 branches of the dungeon, and saw 57 of its levels.
You visited the Abyss 2 times.
You visited 1 ziggurat, and saw 13 of its levels.
You also visited: Ossuary, Bailey, Gauntlet, Ice Cave, Volcano and Wizlab.

You collected 10509 gold pieces.
You spent 2355 gold pieces at shops.

Inventory:

Hand Weapons
 x - a +7 sacred scourge of holy wrath
 O - a +9 broad axe of chopping
 W - the +11 war axe of the Lamprey (weapon) {freeze, Fragile rPois rF+++ Dex-2}
   (You acquired it on level 3 of the Lair of Beasts)

   It has been specially enchanted to freeze those struck by it, causing extra
   injury to most foes and up to half again as much damage against particularly
   susceptible opponents.
   It can also slow down cold-blooded creatures.
   It affects your dexterity (-2).
   It renders you almost immune to fire.
   It protects you from poison.
   It will be destroyed if unequipped.
Missiles
 b - 5 throwing nets
 c - 10 curare-tipped darts
 p - 194 poisoned darts (quivered)
 B - 39 silver javelins
Armour
 a - the +2 troll leather armour "Gocziy" (worn) {rC- rN++ Regen+ rCorr Int+4}
   (You found it in a Gauntlet)

   It affects your intelligence (+4).
   It makes you vulnerable to cold.
   It greatly protects you from negative energy.
   It increases your rate of regeneration.
   It provides partial protection from all sources of acid and corrosion.
 s - a +0 shield of cold resistance (worn)
 D - a +1 shield of reflection
 G - the +6 chain mail of Hedge Wizardry {MR+++ rCorr Int+2}
   (You found it in a Gauntlet)

   It affects your intelligence (+2).
   It affects your resistance to hostile enchantments.
   It provides partial protection from all sources of acid and corrosion.
 I - a +1 cloak of magic resistance (worn)
 N - a +1 hat of see invisible (worn)
 U - a +2 pair of gloves of strength (worn)
 V - +1 gold dragon scales
 Y - a +1 pair of boots of flying
Jewellery
 e - the ring of Peace (left hand) {-Tele rElec Int+8 Slay+5 SInv}
   (You found it on level 3 of the Elven Halls)

   [ring of slaying]

   It affects your intelligence (+8).
   It affects your accuracy and damage with ranged weapons and melee attacks
   (+5).
   It insulates you from electricity.
   It lets you see invisible.
   It prevents most forms of teleportation.
 q - the amulet "Vooxzauxir" {rElec MR+ Regen+ Int+4}
   (You took it off an ogre mage on level 4 of the Depths)

   [amulet of regeneration]

   It affects your intelligence (+4).
   It insulates you from electricity.
   It affects your resistance to hostile enchantments.
   It increases your rate of regeneration.
 t - the ring "Niesa" {+Fly rElec MR+}
   (You took it off a centaur warrior on level 9 of the Dungeon)

   [ring of protection from magic]

   It insulates you from electricity.
   It affects your resistance to hostile enchantments.
   It lets you fly.
 C - an amulet of guardian spirit (around neck)
 H - the ring "Fyipraenn" {rPois rF+++ Str-5 Int+3 Dex+5}
   (You found it on level 8 of a ziggurat)

   [ring of poison resistance]

   It affects your strength (-5).
   It affects your intelligence (+3).
   It affects your dexterity (+5).
   It renders you almost immune to fire.
   It protects you from poison.
 M - the ring of Jaffer {rF+ Str+3 Dex+4}
   (You found it on level 11 of a ziggurat)

   [ring of strength]

   It affects your strength (+3).
   It affects your dexterity (+4).
   It protects you from fire.
 Z - the ring of Fipse (right hand) {rC+ MP+9 Int+4 Dex+2}
   (You acquired it on level 5 of the Vaults)

   [ring of magical power]

   It affects your intelligence (+4).
   It affects your dexterity (+2).
   It protects you from cold.
   It affects your magic capacity (+9).
Wands
 d - a wand of enslavement (6)
 g - a wand of digging (11)
 v - a wand of clouds (6)
 A - a wand of disintegration (63)
 E - a wand of iceblast (62)
 J - a wand of acid (71)
Scrolls
 j - a scroll of enchant armour
 l - 25 scrolls of teleportation
 u - 21 scrolls of remove curse
 y - 11 scrolls of identify
 K - 2 scrolls of fog
 P - 11 scrolls of blinking
 R - a scroll of fear
 S - 7 scrolls of amnesia
Potions
 h - 6 potions of ambrosia
 i - 10 potions of brilliance
 k - a potion of heal wounds
 m - a potion of cancellation
 n - 8 potions of magic
 r - 21 potions of curing
 z - 16 potions of lignification
Miscellaneous
 L - a fan of gales
 T - 6 phantom mirrors
 X - a lamp of fire
Comestibles
 f - 74 rations


   Skills:
 O Level 27 Fighting
 - Level 18.8 Axes
   Level 5.1 Bows
 - Level 13.4 Throwing
 O Level 27 Armour
 * Level 26.5 Dodging
 - Level 15.7 Shields
 * Level 1.6 Spellcasting
 * Level 2.0 Necromancy
 - Level 24.7 Invocations


You had 24 spell levels left.
You knew the following spells:

 Your Spells              Type           Power        Failure   Level  Hunger
a - Regeneration          Chrm/Necr      #.........   24%         3    ###....
b - Passwall              Tmut/Erth      #.......     19%         2    ##.....

Your spell library contained the following spells:

 Spells                   Type           Power        Failure   Level  Hunger
 Animate Skeleton         Necr           N/A          5%          1    #......
 Pain                     Necr           ##..         5%          1    #......
 Corpse Rot               Necr           N/A          8%          2    ##.....
 Sublimation of Blood     Necr           ##........   8%          2    ##.....
 Apportation              Tloc           #.....       12%         1    #......
 Beastly Appendage        Tmut           #.....       12%         1    #......
 Confusing Touch          Hex            #.....       12%         1    #......
 Corona                   Hex            #......      12%         1    #......
 Flame Tongue             Conj/Fire      #....        12%         1    #......
 Infusion                 Chrm           #...         12%         1    #......
 Magic Dart               Conj           #...         12%         1    #......
 Sandblast                Erth           #.....       12%         1    #......
 Sting                    Conj/Pois      #...         12%         1    #......
 Summon Butterflies       Summ           #.......     12%         1    #......
 Summon Small Mammal      Summ           #...         12%         1    #......
 Vampiric Draining        Necr           ##........   16%         3    ###....
 Call Imp                 Summ           #.......     19%         2    ##.....
 Ensorcelled Hibernation  Hex/Ice        #.....       19%         2    ##.....
 Poisonous Vapours        Pois/Air       #.....       19%         2    ##.....
 Searing Ray              Conj           #.....       19%         2    ##.....
 Shroud of Golubria       Chrm/Tloc      #.....       19%         2    ##.....
 Slow                     Hex            #.......     19%         2    ##.....
 Sticks to Snakes         Tmut           #.......     19%         2    ##.....
 Swiftness                Chrm/Air       #.......     19%         2    ##.....
 Throw Flame              Conj/Fire      #.....       19%         2    ##.....
 Throw Frost              Conj/Ice       #.....       19%         2    ##.....
 Call Canine Familiar     Summ           #.......     36%         3    ###....
 Confuse                  Hex            #.......     36%         3    ###....
 Conjure Flame            Conj/Fire      #.......     36%         3    ###....
 Dazzling Spray           Conj/Hex       #.....       36%         3    ###....
 Gell's Gravitas          Tloc           #.........   36%         3    ###....
 Ignite Poison            Fire/Tmut/Pois #.......     36%         3    ###....
 Inner Flame              Hex/Fire       #.......     36%         3    ###....
 Lesser Beckoning         Tloc           #.........   36%         3    ###....
 Mephitic Cloud           Conj/Pois/Air  #.......     36%         3    ###....
 Ozocubu's Armour         Chrm/Ice       #.......     36%         3    ###....
 Portal Projectile        Hex/Tloc       #.....       36%         3    ###....
 Recall                   Summ/Tloc      N/A          36%         3    ###....
 Spider Form              Tmut/Pois      #.........   36%         3    ###....
 Stone Arrow              Conj/Erth      #.....       36%         3    ###....
 Summon Guardian Golem    Hex/Summ       #.......     36%         3    ###....
 Tukima's Dance           Hex            #.......     36%         3    ###....
 Animate Dead             Necr           N/A          45%         4    #####..
 Airstrike                Air            #.........   77%         4    #####..
 Cause Fear               Hex            #.........   77%         4    #####..
 Force Lance              Conj/Tloc      #.......     77%         4    #####..
 Fulminant Prism          Conj/Hex       #.........   77%         4    #####..
 Ice Form                 Ice/Tmut       #.......     77%         4    #####..
 Iskenderun's Mystic Bla  Conj           #.......     77%         4    #####..
 Leda's Liquefaction      Hex/Erth       #.........   77%         4    #####..
 Olgreb's Toxic Radiance  Pois           #.......     77%         4    #####..
 Petrify                  Tmut/Erth      #.......     77%         4    #####..
 Sticky Flame             Conj/Fire      #.......     77%         4    #####..
 Summon Ice Beast         Ice/Summ       #.......     77%         4    #####..
 Summon Lightning Spire   Summ/Air       #.......     77%         4    #####..
 Throw Icicle             Conj/Ice       #.......     77%         4    #####..
 Agony                    Necr           ##......     82%         5    ######.
 Dispel Undead            Necr           ##......     82%         5    ######.
 Bolt of Draining         Conj/Necr      #.........   91%         5    ######.
 Borgnjor's Vile Clutch   Necr/Erth      #.........   91%         5    ######.
 Excruciating Wounds      Chrm/Necr      #.........   91%         5    ######.
 Alistair's Intoxication  Tmut/Pois      #.......     98%         5    ######.
 Aura of Abjuration       Summ           #.........   98%         5    ######.
 Blade Hands              Tmut           #.........   98%         5    ######.
 Bolt of Magma            Conj/Fire/Erth #.........   98%         5    ######.
 Fireball                 Conj/Fire      #.........   98%         5    ######.
 Irradiate                Conj/Tmut      #.........   98%         5    ######.
 Iskenderun's Battlesphe  Conj/Chrm      #.......     98%         5    ######.
 Lee's Rapid Deconstruct  Erth           #.........   98%         5    ######.
 Metabolic Englaciation   Hex/Ice        #.........   98%         5    ######.
 Silence                  Hex/Air        #.........   98%         5    ######.
 Summon Demon             Summ           #.........   98%         5    ######.
 Summon Forest            Summ/Tloc      #.........   98%         5    ######.
 Summon Mana Viper        Hex/Summ       #.......     98%         5    ######.
 Venom Bolt               Conj/Pois      #.........   98%         5    ######.
 Yara's Violent Unravell  Hex/Tmut       #.........   98%         5    ######.
 Bolt of Cold             Conj/Ice       #.........   100%        6    #######
 Bolt of Fire             Conj/Fire      #.........   100%        6    #######
 Conjure Ball Lightning   Conj/Air       #.........   100%        6    #######
 Darkness                 Hex            #.........   100%        6    #######
 Death Channel            Necr           ##........   100%        6    #######
 Deflect Missiles         Chrm/Air       #.........   100%        6    #######
 Dispersal                Tloc           #.........   100%        6    #######
 Freezing Cloud           Conj/Ice/Air   #.........   100%        6    #######
 Invisibility             Hex            #.......     100%        6    #######
 Iron Shot                Conj/Erth      #.........   100%        6    #######
 Ozocubu's Refrigeration  Ice            #.........   100%        6    #######
 Shadow Creatures         Summ           N/A          100%        6    #######
 Simulacrum               Ice/Necr       #.........   100%        6    #######
 Statue Form              Tmut/Erth      #........    100%        6    #######
 Dragon Form              Tmut           #.........   100%        7    #######
 Haunt                    Necr/Summ      #.........   100%        7    #######
 Orb of Destruction       Conj           #.........   100%        7    #######
 Ring of Flames           Chrm/Fire      #.........   100%        7    #######
 Spellforged Servitor     Conj/Summ      #.........   100%        7    #######
 Summon Hydra             Summ           #.........   100%        7    #######
 Borgnjor's Revivificati  Necr           ##........   100%        8    #######
 Controlled Blink         Tloc           N/A          100%        8    #######
 Death's Door             Chrm/Necr      #.........   100%        8    #######
 Discord                  Hex            #.........   100%        8    #######
 Disjunction              Tloc           #.........   100%        8    #######
 Infestation              Necr           ##........   100%        8    #######
 Necromutation            Tmut/Necr      #.........   100%        8    #######
 Dragon's Call            Summ           #.........   100%        9    #######
 Passage of Golubria      Tloc           Unusable     N/A         4    N/A

Dungeon Overview and Level Annotations

Branches:
Dungeon (15/15)            Temple (0/1) D:7            Lair (6/6) D:9
 Shoals (4/4) Lair:4       Spider (4/4) Lair:2        Slime (5/5) Lair:6
    Orc (2/2) D:11            Elf (3/3) Orc:2        Vaults (5/5) D:13
  Crypt (3/3) Vaults:2       Tomb (0/3) Crypt:3      Depths (5/5) D:15
    Zot (5/5) Depths:5    Ossuary (visited)          Bailey (visited)
  IceCv (visited)         Volcano (visited)          WizLab (visited)
Gauntlet (visited)

Altars:
Ashenzari
Cheibriados
Dithmenos
Elyvilon
Fedhas
Gozag
Nemelex Xobeh
Sif Muna
Trog
Uskayaw
Vehumet
Beogh
Jiyva
Lugonu

Shops:
D:7 :   D:13 }*   Orc:2 (}**   Elf:2 (   Elf:3 %   Shoals:1 }   Vaults:1 (
Vaults:2 (

Portals:
Hell: Depths:1 Depths:2 Depths:3 Depths:4 Depths:5
Abyss: Depths:1 Depths:4 Depths:5
Pandemonium: Orc:2 Depths:3 Depths:4

Annotations:
Elf:2 2 runed translucent doors
Vaults:2 Troll Leather Crypt for necessay rings


Innate Abilities, Weirdness & Mutations

You reflexively headbutt those who attack you in melee.
You have a pair of horns on your head.
You have hooves in place of feet.
You are partially covered in large bone plates. (SH +4)
Your mind is acute. (Int +2)
You are very clumsy. (Dex -4)
You are frail. (-10% HP)
Your magical capacity is low. (-10% MP)
You are resistant to hostile enchantments. (MR+)
You are occasionally teleported next to monsters.
You evolve.


Message History

You climb upwards.
There is a stone staircase leading down here.
Unknown command.
Unknown command.
Unknown command.
(D) Dungeon (T) Temple (L) Lair (A) Shoals (N) Spider Nest (M) Slime Pits (O) Orcish Mines (E) Elven Halls (V) Vaults (C) Crypt (W) Tomb (U) Depths (H) Hell (Z) Zot
Where to? (Enter - D:1, ? - help)
What level of the Dungeon? (default 1, ? - help)
There is a stone staircase leading up here.
You climb upwards.
There is a stone staircase leading down here.
There is a stone staircase leading up here.
You climb upwards.
There is a stone staircase leading down here.
You see here a +0 club.
There is a staircase leading out of the dungeon here.
You have escaped!

#........#.........#########
#...###>...........'.....(..
#...######.........#...#####
#...##...)........##.....# #
#...##..♣♣♣♣♣♣♣♣♣(##.....# #
#(..#..♣..PP..PP♣.##.....###
#...#..♣...P..PP♣.#.........
#...#..♣P...PP..♣.#.###.....
#...#..♣PP.@.P..♣.#.# #.....
#......♣..P...PP♣.#.# #.....
#..)...♣..PP...P♣.#.###.....
###....♣PP..P...♣.#.......#.
#....♣PP..PP..♣.#.#######.
#....♣♣♣♣♣♣♣♣♣..#.........
#...............#.######.#
###...###........##.#....#.#
#.....# ##.......##.#.##.#..


There were no monsters in sight!

Vanquished Creatures
  Khufu (Crypt:1)
  7 orbs of fire (Zot:5)
  Mennas (Vaults:2)
  4 ancient liches
  2 juggernauts
  2 greater mummies (Crypt:1)
  A shard shrike (Zig:13)
  Sojobo (Vaults:5)
  Boris (Vaults:5)
  2 Killer Klowns (Zot:5)
  Margery (Crypt:3)
  Saint Roka (Depths:1)
  2 caustic shrikes
  A curse toe (Zot:5)
  Nikola (Spider:1)
  10 golden dragons
  Jory (Crypt:3)
  2 profane servitors
  A bone dragon (Zig:10)
  3 electric golems
  A Tzitzimitl (Zot:5)
  Arachne (Spider:3)
  7 liches
  15 tentacled monstrosities
  An Ice Fiend (IceCv)
  A hellephant (Abyss:4)
  Rupert (Lair:4)
  Jorgrun (Orc:2)
  2 deep elf blademasters
  3 titans (Vaults:5)
  29 Orb Guardians
  Asterion (Spider:4)
  15 acid blobs
  6 death cobs
  9 quicksilver dragons
  2 deep elf master archers (Elf:3)
  4 ancient champions
  Frances (Elf:1)
  Gastronok (Lair:1)
  5 tentacled starspawn (Abyss:1)
  A thorn hunter (Zig:8)
  12 storm dragons
  10 sphinxes
  4 draconian monks
  Donald (Elf:2)
  Roxanne (Shoals:3)
  8 tengu reavers
  2 revenants
  10 shadow dragons
  6 draconian knights
  2 nagarajas (Zig:12)
  An iron dragon (Vaults:5)
  8 azure jellies
  3 fire giants
  10 frost giants
  5 deep elf sorcerers
  5 emperor scorpions
  6 draconian scorchers
  5 ghost moths
  14 vault wardens
  A balrug (Abyss:1)
  A juggernaut zombie (Zig:13)
  12 deep elf elementalists
  A caustic shrike zombie (Crypt:3)
  4 curse skulls
  6 reapers (Crypt:3)
  4 ghouls (Abyss:2)
  3 orc warlords (Zig:11)
  4 draconian shifters
  23 stone giants
  4 draconian annihilators
  7 very ugly things
  4 draconian stormcallers
  6 deep elf demonologists
  4 war gargoyles
  13 ironheart preservers
  A juggernaut skeleton (Zig:13)
  13 vampire knights
  3 green draconians
  8 entropy weavers
  6 red draconians
  15 starcursed masses
  4 deep elf annihilators
  4 lorocyprocas
  6 black draconians
  11 white draconians
  12 dire elephants
  An orange crystal statue (WizLab)
  10 yellow draconians
  3 spark wasps
  9 jiangshi (Crypt:3)
  8 purple draconians
  2 merfolk javelineers
  5 eidola
  9 ettins
  13 fire dragons
  14 yaktaur captains
  5 blizzard demons
  5 death oozes (Slime:5)
  4 deep elf high priests
  5 mummy priests
  10 deep elf death magi
  9 merfolk impalers
  A hydra (shapeshifter) (Vaults:2)
  Josephine (Shoals:1)
  2 quicksilver dragon skeletons (Crypt:1)
  37 vault guards
  7 hydras
  4 rakshasas
  14 ice dragons
  A ghost crab (Zig:8)
  4 spriggan air magi
  10 great orbs of eyes
  An anaconda (shapeshifter) (Depths:1)
  2 hell beasts
  2 satyrs
  5 merfolk avatars
  3 catoblepae
  2 alligator snapping turtles (Shoals:4)
  6 death knights
  15 ogre magi
  An alligator (Vaults:1)
  19 dancing weapons
  7 centaur warriors
  5 merfolk aquamancers
  31 two-headed ogres
  2 anacondas
  16 large abominations
  13 vampire magi
  8 deep troll shamans
  6 thrashing horrors
  Urug (D:13)
  7 tengu warriors
  2 death yaks
  14 deep troll earth magi
  6 spriggan berserkers
  3 storm dragon zombies (Crypt:3)
  6 orc high priests
  5 shock serpents
  4 sun demons
  A soul eater (Crypt:1)
  Nergalle (Lair:3)
  Sonja (Lair:4)
  28 deep elf knights
  5 shadow wraiths
  2 spatial maelstroms (Abyss:4)
  23 small abominations
  5 wretched stars
  7 hell knights
  3 sixfirhies
  8 iron trolls
  2 spriggan druids (Zig:6)
  A death drake (Zig:6)
  3 gelid demonspawn
  4 golden dragon zombies
  9 sea snakes
  12 skeletal warriors
  31 deep trolls
  An anaconda zombie (Abyss:1)
  An entropy weaver zombie (Crypt:1)
  2 shadow demons (Abyss:2)
  5 swamp dragons
  4 unseen horrors
  2 deep trolls (shapeshifter)
  8 glowing orange brains
  An infernal demonspawn (Depths:3)
  Pikel (D:7)
  27 deep elf archers
  12 phantasmal warriors
  7 flayed ghosts
  23 orc knights
  17 harpies
  16 ironbrand convokers
  36 ugly things
  A shadow dragon zombie (Crypt:3)
  7 wizards
  2 mana vipers (Zig:12)
  3 necromancers
  37 wolf spiders
  A sphinx zombie (Zig:4)
  2 tengu skeletons (Zig:13)
  9 orb spiders
  8 cyclopes
  A salamander (Orc:2)
  18 orc sorcerers
  12 fauns
  7 shining eyes
  16 manticores
  69 deep elf magi
  34 moths of wrath
  2 frost giant zombies
  5 worldbinders (Abyss:1)
  A shadow dragon skeleton (Abyss:1)
  A fire giant skeleton (Zig:4)
  8 black mambas
  2 oklob plants
  9 merfolk sirens
  8 elephants
  16 vault sentinels
  3 guardian serpents
  2 stone giant skeletons
  A naga mage (Zig:12)
  2 water nymphs
  3 torpor snails
  2 molten gargoyles (D:13)
  4 gargoyles
  3 apocalypse crabs (Abyss:1)
  3 ice statues (IceCv)
  3 eyes of devastation
  3 smoke demons
  9 spiny frogs
  5 spectral swamp worms (Depths:5)
  2 orange demons
  A rime drake (Spider:4)
  A shock serpent skeleton (Crypt:3)
  22 yaktaurs
  6 kobold demonologists
  A catoblepas zombie (Crypt:1)
  3 hellions
  An alligator snapping turtle skeleton (Crypt:1)
  8 komodo dragons
  12 demonic crawlers
  2 yaktaurs (shapeshifter)
  11 freezing wraiths
  23 ice devils
  4 red devils
  A green draconian skeleton (Crypt:1)
  A grey draconian skeleton (Crypt:3)
  2 tormentors (Zig:13)
  An anaconda simulacrum (IceCv)
  4 hellwings
  13 guardian mummies
  4 tengu conjurers
  15 trolls
  12 ancient zymes
  A tengu simulacrum (Vaults:2)
  3 golden dragon simulacra (IceCv)
  2 jumping spiders (shapeshifter)
  A meliai (shapeshifter) (Lair:6)
  A harpy zombie (Crypt:3)
  A shadow dragon simulacrum (Zig:10)
  A queen bee (shapeshifter) (Depths:3)
  22 jumping spiders
  A moth of wrath zombie (Crypt:2)
  A silent spectre (Abyss:4)
  4 wind drakes
  15 merfolk
  2 polar bears (shapeshifter) (Vaults:2)
  A hornet (shapeshifter) (Vaults:4)
  20 hornets
  8 polar bears
  3 bog bodies (Zig:8)
  A raiju (shapeshifter) (Depths:5)
  3 tyrant leeches
  7 snapping turtles
  17 blink frogs
  16 raiju
  66 slime creatures
  2 fire giant simulacra
  A blink frog (shapeshifter) (Vaults:5)
  An ice dragon zombie (Crypt:3)
  3 dream sheep
  9 hippogriffs
  A meliai zombie (D:15)
  A guardian serpent skeleton (Crypt:3)
  2 ettin zombies (Crypt:3)
  3 shadows
  A satyr skeleton (Crypt:3)
  71 redbacks
  2 spriggans (Depths:5)
  A spriggan (shapeshifter) (Depths:1)
  24 vampires
  14 wraiths
  An elf skeleton (Zig:13)
  7 air elementals
  11 flying skulls
  6 ynoxinuls
  28 tarantellas
  26 water elementals
  2 dire elephant simulacra (IceCv)
  4 fire elementals
  38 yaks
  3 basilisks
  5 wyverns
  A human simulacrum (Vaults:2)
  3 chaos spawn
  2 neqoxecs
  2 hungry ghosts
  2 steam dragons
  8 vampire mosquitoes
  10 golden eyes
  4 insubstantial wisps (Abyss:1)
  7 wargs
  4 acid dragons
  An iron troll simulacrum (IceCv)
  A soldier ant (D:11)
  3 spatial vortices (Abyss:4)
  A two-headed ogre zombie (Crypt:1)
  5 nagas
  A naga (shapeshifter) (Vaults:4)
  Duvessa (D:7)
  A faun zombie (Crypt:2)
  9 water moccasins
  A water moccasin (shapeshifter) (Depths:1)
  A porcupine (shapeshifter) (Depths:5)
  6 porcupines
  An infernal demonspawn skeleton (Crypt:3)
  A swamp drake (shapeshifter) (Depths:3)
  A hydra simulacrum (IceCv)
  3 floating eyes
  2 hornet zombies
  67 orc warriors
  10 sky beasts
  A swamp drake (Zig:8)
  A slave (D:7)
  7 eyes of draining
  4 ice beasts
  2 necrophages
  2 phantoms
  6 black bears
  20 centaurs
  2 ettin simulacra (IceCv)
  A snapping turtle zombie (Crypt:3)
  13 boggarts
  23 wolves
  A tengu (Zig:8)
  39 ogres
  A manticore skeleton (Crypt:2)
  2 crocodiles (shapeshifter) (Depths:3)
  12 crocodiles
  Blork the orc (D:6)
  20 bullfrogs
  8 big kobolds
  6 earth elementals
  2 wyvern zombies
  A scorpion (shapeshifter) (Vaults:5)
  A water moccasin skeleton (Crypt:1)
  A wyvern skeleton (D:9)
  8 scorpions
  Dowan (D:7)
  17 killer bees
  13 wights
  7 electric eels
  3 howler monkeys
  8 crimson imps
  6 centaur zombies
  3 quasits (Abyss:1)
  2 bullfrog zombies
  A human zombie (Crypt:2)
  5 lava snakes (D:13)
  8 hounds
  7 jellies
  A demonspawn zombie (Crypt:2)
  4 bullfrog skeletons
  3 centaur skeletons
  27 orc priests
  29 orc wizards
  Crazy Yiuf (D:3)
  7 iron imps
  3 iguanas
  4 lightning spires (Vaults:3)
  7 worker ants
  A crocodile zombie (Crypt:3)
  2 hound zombies
  A hound skeleton (D:6)
  10 mummies
  A worker ant zombie (D:11)
  A howler monkey zombie (D:9)
  3 gnolls (Bailey)
  13 adders
  4 shadow imps
  2 white imps
  3 ufetubi
  An ooze (D:2)
  A halfling zombie (Crypt:1)
  3 adder skeletons
  4 worms
  2 ball lightnings
  9 dart slugs
  8 leopard geckos
  123 orcs
  4 bats
  6 giant cockroaches
  15 goblins
  13 hobgoblins
  7 jackals
  37 kobolds
  A quokka (D:8)
  2 ball pythons
  7 frilled lizards
  2 gnoll skeletons (Crypt:2)
  3 goblin zombies (Ossuary)
  A hobgoblin zombie (D:6)
  A leopard gecko skeleton (D:4)
  2 orc zombies
  A quokka zombie (D:6)
  8 rats
  A rat zombie (Ossuary)
  4 crawling corpses
  7 fungi
  2 lurking horrors
  5 plants
  2 starspawn tentacles (Abyss:1)
2909 creatures vanquished.

Vanquished Creatures (collateral kills)
  A tengu reaver (Vaults:5)
  A fire giant (Depths:3)
  A deep elf sorcerer (Depths:4)
  An orc warlord (Bailey)
  A draconian stormcaller (Zot:4)
  An ironheart preserver (Vaults:5)
  An entropy weaver (Vaults:5)
  The ghost of Curus the Spear-Bearer, a novice MiBe of Trog (Lair:2)
  An iron troll (Depths:5)
  A wizard (Depths:4)
  A moth of wrath (Zot:4)
  2 vault sentinels (Vaults:5)
  A redback (Spider:3)
  A tarantella (Vaults:5)
  A human zombie (Ossuary)
  A big kobold zombie (Ossuary)
  2 hound zombies (Ossuary)
  A mummy (Ossuary)
  2 orcs (D:11)
  A goblin zombie (Ossuary)
  A kobold zombie (Ossuary)
24 creatures vanquished.

Vanquished Creatures (others)
  A shadow dragon (Vaults:5)
  3 stone giants
  A yaktaur captain (Depths:4)
  A satyr (Shoals:2)
  2 deep elf knights
  6 deep elf archers
  An orb spider (Spider:3)
  2 cyclopes (Vaults:1)
  2 wolf spiders
  5 yaktaurs
  A guardian mummy (Crypt:3)
  A slime creature (Slime:1)
  A raiju (Vaults:3)
  An air elemental (Vaults:3)
  2 redbacks
  A water elemental (Depths:4)
  A tarantella (Spider:3)
  A yak (Zig:12)
  A floating eye (Depths:4)
  An orc warrior (Vaults:3)
  An orc priest (Vaults:1)
  3 iron imps (Crypt:2)
  A shadow imp (D:15)
  6 ball lightnings
  An orc (Orc:2)
  3 demonic plants (Gauntlet)
  3 fungi
  14 starspawn tentacles
67 creatures vanquished.

Grand Total: 3000 creatures vanquished

Notes
Turn   | Place    | Note
-------+----------+-------------------------------------------
     0 | D:1      | Amplified the Minotaur Fighter began the quest for the Orb.
     0 | D:1      | Reached XP level 1. HP: 19/19 MP: 0/0
   100 | D:1      | Reached XP level 2. HP: 27/27 MP: 1/1
   507 | D:1      | Reached XP level 3. HP: 33/33 MP: 2/2
   925 | D:2      | Reached XP level 4. HP: 38/40 MP: 3/3
  1061 | D:2      | Found a sparkling altar of Nemelex Xobeh.
  1168 | D:2      | Reached skill level 1 in Dodging
  1428 | D:2      | Became a worshipper of Nemelex Xobeh the Trickster
  1452 | D:3      | Received a gift from Nemelex Xobeh
  1735 | D:3      | Found a runed translucent door.
  1736 | D:3      | Noticed Crazy Yiuf
  1808 | D:3      | Killed Crazy Yiuf
  1863 | D:3      | Reached XP level 5. HP: 47/47 MP: 4/4
  1888 | D:3      | Reached skill level 1 in Invocations
  2109 | D:3      | Found a shadowy altar of Dithmenos.
  2180 | D:4      | Found a radiant altar of Vehumet.
  2209 | D:4      | Reached skill level 5 in Shields
  2220 | D:4      | Reached * piety under Nemelex Xobeh
  2238 | D:5      | Entered Level 5 of the Dungeon
  2332 | D:5      | Noticed an ogre
  2338 | D:5      | Killed an ogre
  2338 | D:5      | Reached XP level 6. HP: 46/53 MP: 6/6
  2491 | D:5      | Received a gift from Nemelex Xobeh
  2521 | D:5      | Reached XP level 7. HP: 52/60 MP: 7/7
  2535 | D:5      | Found a white marble altar of Elyvilon.
  2670 | D:5      | Reached skill level 5 in Axes
  2875 | D:5      | Found a blossoming altar of Fedhas.
  2881 | D:5      | Reached skill level 5 in Fighting
  2937 | D:5      | Reached skill level 5 in Armour
  3079 | D:6      | Noticed Blork the orc
  3091 | D:6      | Killed Blork the orc
  3135 | D:6      | Found a hide-covered altar of Uskayaw.
  3161 | D:6      | Received a gift from Nemelex Xobeh
  3168 | D:6      | Found a shattered altar of Ashenzari.
  3232 | D:6      | Reached XP level 8. HP: 46/68 MP: 9/9
  3277 | D:6      | Found a sand-covered staircase.
  3357 | Ossuary  | Entered an ossuary
  3428 | Ossuary  | Noticed a hellwing
  3428 | Ossuary  | a chaos spawn changed into a hellwing
  3697 | D:6      | Reached ** piety under Nemelex Xobeh
  3955 | D:6      | Found an opulent altar of Gozag.
  3997 | D:6      | Received a gift from Nemelex Xobeh
  4294 | D:7      | Found a bloodstained altar of Trog.
  4420 | D:7      | Found Utowozoi's Book Shoppe.
  4494 | D:7      | Reached skill level 5 in Invocations
  4494 | D:7      | Reached XP level 9. HP: 66/75 MP: 11/11
  4536 | D:7      | Received a gift from Nemelex Xobeh
  4689 | D:7      | Noticed Pikel
  4704 | D:7      | Killed Pikel
  4716 | D:7      | Noticed Dowan
  4719 | D:7      | Found a staircase to the Ecumenical Temple.
  4728 | D:7      | Killed Dowan
  4749 | D:7      | Noticed Duvessa
  4765 | D:7      | Killed Duvessa
  5209 | D:8      | Reached *** piety under Nemelex Xobeh
  5497 | D:9      | Received a gift from Nemelex Xobeh
  5500 | D:9      | Found a staircase to the Lair.
  5539 | D:9      | Reached XP level 10. HP: 84/84 MP: 13/13
  5636 | D:9      | Reached skill level 5 in Dodging
  5670 | D:9      | Found a snail-covered altar of Cheibriados.
  5755 | D:9      | Identified the ring "Niesa" {+Fly rElec MR+}
  5755 | D:9      | Noticed a centaur warrior
  5770 | D:9      | Killed a centaur warrior
  5795 | D:9      | Noticed a manticore
  5805 | D:9      | Noticed a tengu warrior
  5807 | D:9      | Killed a manticore
  5817 | D:9      | Killed a tengu warrior
  5817 | D:9      | Reached skill level 10 in Shields
  6183 | D:9      | Noticed a two-headed ogre
  6190 | D:9      | Killed a two-headed ogre
  6190 | D:9      | Reached skill level 10 in Axes
  6190 | D:9      | Reached XP level 11. HP: 54/94 MP: 15/15
  6256 | D:9      | Received a gift from Nemelex Xobeh
  6374 | D:10     | Entered Level 10 of the Dungeon
  7024 | D:10     | Reached **** piety under Nemelex Xobeh
  7024 | D:10     | Noticed a two-headed ogre
  7037 | D:10     | Killed a two-headed ogre
  7677 | D:11     | Got a crude leather armour
  7688 | D:11     | Identified the +3 leather armour of Chimes {Regen+ Int+2
                  | Slay+3} (You found it on level 11 of the Dungeon)
  7704 | D:11     | Received a gift from Nemelex Xobeh
  7757 | D:11     | Found a roughly hewn altar of Beogh.
  7757 | D:11     | Found a staircase to the Orcish Mines.
  7759 | D:11     | Noticed an orc knight
  8413 | D:11     | Paralysed by a hornet for 2 turns
  8910 | D:12     | Found a flagged portal.
  8926 | Bailey   | Entered a bailey
  8932 | Bailey   | Noticed an orc warlord
  8952 | Bailey   | Reached XP level 12. HP: 94/103 MP: 17/17
  9027 | Bailey   | Found a runed translucent gate.
  9027 | Bailey   | Found a runed translucent gate.
  9027 | Bailey   | Found a runed translucent gate.
  9125 | Bailey   | Identified the +1 trident "Imob" {pierce, *Rage rElec
                  | Dex+7}
  9129 | Bailey   | Killed an orc warlord
  9175 | Bailey   | Reached XP level 13. HP: 111/111 MP: 19/19
  9176 | Bailey   | Reached XP level 14. HP: 118/118 MP: 20/20
  9243 | D:12     | Received a gift from Nemelex Xobeh
  9566 | D:12     | Received a gift from Nemelex Xobeh
  9804 | Lair:1   | Entered Level 1 of the Lair of Beasts
  9929 | Lair:1   | Reached ***** piety under Nemelex Xobeh
  9978 | Lair:1   | Noticed Gastronok
  9989 | Lair:1   | Killed Gastronok
 10086 | Lair:1   | Received a gift from Nemelex Xobeh
 10540 | Lair:2   | Reached skill level 15 in Shields
 10540 | Lair:2   | Reached skill level 10 in Invocations
 10610 | Lair:2   | Found a gate leading to a gauntlet.
 10629 | Gauntlet | Entered a Gauntlet
 10629 | Gauntlet | Found a transporter.
 10629 | Gauntlet | Found a transporter.
 10629 | Gauntlet | Found a transporter.
 10629 | Gauntlet | Found a transporter.
 10650 | Gauntlet | Found a transporter.
 10660 | Gauntlet | Found a transporter.
 10681 | Gauntlet | Found a transporter.
 10697 | Gauntlet | Found a transporter.
 10701 | Gauntlet | Found a large runed translucent door.
 10701 | Gauntlet | Found a large runed translucent door.
 10702 | Gauntlet | Found a large runed translucent door.
 10702 | Gauntlet | Found a large runed translucent door.
 10703 | Gauntlet | Found a large runed translucent door.
 10703 | Gauntlet | Found a large runed translucent door.
 10703 | Gauntlet | Found a large runed translucent door.
 10703 | Gauntlet | Found a large runed translucent door.
 10736 | Gauntlet | Found a runed translucent gate.
 10737 | Gauntlet | Found a transporter.
 10737 | Gauntlet | Found a runed translucent gate.
 10738 | Gauntlet | Found a runed translucent gate.
 10739 | Gauntlet | Found a large runed translucent door.
 10739 | Gauntlet | Found a large runed translucent door.
 10740 | Gauntlet | Found a large runed translucent door.
 10741 | Gauntlet | Found a large runed translucent door.
 10750 | Gauntlet | Found a large runed translucent door.
 10750 | Gauntlet | Found a large runed translucent door.
 10750 | Gauntlet | Found a runed translucent door.
 10750 | Gauntlet | Found a runed translucent door.
 10751 | Gauntlet | Found a large runed translucent door.
 10752 | Gauntlet | Found a large runed translucent door.
 10754 | Gauntlet | Found a transporter.
 10760 | Gauntlet | Received a gift from Nemelex Xobeh
 10762 | Gauntlet | Found a transporter.
 10780 | Gauntlet | Found a transporter.
 10880 | Gauntlet | Got a spiked chain mail
 10883 | Gauntlet | Identified the +6 chain mail of Hedge Wizardry {MR+++ rCorr
                  | Int+2} (You found it in a Gauntlet)
 10923 | Gauntlet | Identified the +6 war axe of Kauraxke {chop, -Tele rElec
                  | rN+}
 10923 | Gauntlet | Identified the +0 fire dragon scales of Past Mistakes {rF++
                  | rC- rN+ Str+4}
 10942 | Gauntlet | Reached skill level 15 in Axes
 10972 | Gauntlet | Got a faintly glowing hat
 10976 | Gauntlet | Identified the Guide on Transformation
 10984 | Gauntlet | Got a twisted troll leather armour
 11151 | Lair:2   | Identified the cursed -3 hat of Leapfrog {Dex+4} (You found
                  | it in a Gauntlet)
 11174 | Lair:2   | Identified the +2 troll leather armour "Gocziy" {rC- rN++
                  | Regen+ rCorr Int+4} (You found it in a Gauntlet)
 11230 | Lair:2   | Found a large runed translucent door.
 11230 | Lair:2   | Found a large runed translucent door.
 11234 | Lair:2   | Noticed Curus's ghost (novice MiBe)
 11248 | Lair:2   | Killed Curus's ghost
 11312 | Lair:2   | Found a hole to the Spider Nest.
 11384 | Lair:2   | Received a gift from Nemelex Xobeh
 11465 | Lair:2   | Reached skill level 10 in Fighting
 11693 | Lair:3   | Noticed Nergalle
 11705 | Lair:3   | Killed Nergalle
 11714 | Lair:3   | Found a dark tunnel.
 11739 | Volcano  | Entered a volcano
 12113 | Lair:3   | Identified a scroll of acquirement
 12114 | Lair:3   | Got a transparent war axe
 12115 | Lair:3   | Identified the +11 war axe of the Lamprey {freeze, Fragile
                  | rPois rF+++ Dex-2} (You acquired it on level 3 of the Lair
                  | of Beasts)
 12173 | Lair:3   | Received a gift from Nemelex Xobeh
 12346 | Lair:3   | Received a gift from Nemelex Xobeh
 13018 | Lair:4   | Found a staircase to the Shoals.
 13018 | Lair:4   | Received a gift from Nemelex Xobeh
 13034 | Lair:4   | Noticed Rupert
 13044 | Lair:4   | Killed Rupert
 13044 | Lair:4   | Reached XP level 15. HP: 128/128 MP: 22/22
 13415 | Lair:4   | Noticed Sonja
 13419 | Lair:4   | Killed Sonja
 13637 | Lair:5   | Reached ****** piety under Nemelex Xobeh
 13644 | Lair:5   | Received a gift from Nemelex Xobeh
 13946 | Lair:5   | Received a gift from Nemelex Xobeh
 14447 | Lair:6   | Entered Level 6 of the Lair of Beasts
 14531 | Lair:6   | Received a gift from Nemelex Xobeh
 15036 | Lair:6   | Found a staircase to the Slime Pits.
 15037 | Lair:6   | Found a viscous altar of Jiyva.
 15048 | Lair:6   | Reached skill level 10 in Dodging
 15343 | Orc:1    | Entered Level 1 of the Orcish Mines
 15362 | Orc:1    | Received a gift from Nemelex Xobeh
 15633 | Orc:2    | Entered Level 2 of the Orcish Mines
 15728 | Orc:2    | Noticed Jorgrun
 15738 | Orc:2    | Killed Jorgrun
 15798 | Orc:2    | Received a gift from Nemelex Xobeh
 15997 | Orc:2    | Got a slimy hand axe
 16188 | Orc:2    | Found Galujur's General Store.
 16190 | Orc:2    | Found Beumm's General Store.
 16230 | Orc:2    | Bought a potion of curing for 45 gold pieces
 16230 | Orc:2    | Bought a scroll of enchant weapon for 112 gold pieces
 16232 | Orc:2    | Bought a potion of resistance for 170 gold pieces
 16468 | Orc:2    | Gained mutation: You do not regenerate when monsters are
                  | visible. [a neqoxec]
 16830 | Orc:2    | Found Qiefuxtu's Gadget Emporium.
 16830 | Orc:2    | Found a one-way gate leading to the halls of Pandemonium.
 16830 | Orc:2    | Found Mifeomn's Antique Weapon Shoppe.
 16846 | Orc:2    | Bought a wand of clouds (4) for 336 gold pieces
 16915 | Orc:2    | Found a staircase to the Elven Halls.
 17415 | D:13     | Identified the cursed +3 hand axe "Guf Eny" {distort,
                  | Str+3} (You found it on level 2 of the Orcish Mines)
 17587 | D:13     | Got a crude chain mail
 17669 | D:13     | Reached XP level 16. HP: 131/139 MP: 24/24
 17671 | D:13     | Received a gift from Nemelex Xobeh
 17753 | D:13     | Found a gate to the Vaults.
 17787 | D:13     | Found Ras Roloudgh's Assorted Antiques.
 17793 | D:13     | Bought a scroll of magic mapping for 108 gold pieces
 17793 | D:13     | Bought a scroll of brand weapon for 620 gold pieces
 17793 | D:13     | Bought 2 potions of might for 248 gold pieces
 17793 | D:13     | Bought a wand of acid (9) for 248 gold pieces
 17793 | D:13     | Bought a scroll of identify for 62 gold pieces
 17793 | D:13     | Identified the +2 chain mail "Bugyob" {rElec} (You found it
                  | on level 13 of the Dungeon)
 17832 | D:13     | Found Plog's Gadget Shop.
 17959 | D:13     | Noticed Urug
 17974 | D:13     | Killed Urug
 18475 | D:14     | Received a gift from Nemelex Xobeh
 18724 | D:15     | Entered Level 15 of the Dungeon
 18878 | D:15     | Reached skill level 15 in Dodging
 18968 | D:15     | Found a staircase to the Depths.
 19203 | D:15     | Received a gift from Nemelex Xobeh
 19485 | D:15     | Received a gift from Nemelex Xobeh
 20017 | Orc:2    | Bought a +0 pair of boots for 76 gold pieces
 20181 | Spider:1 | Entered Level 1 of the Spider Nest
 20410 | Spider:1 | Reached skill level 10 in Armour
 20820 | Spider:1 | Noticed Nikola
 20844 | Spider:1 | Killed Nikola
 21090 | Spider:2 | Received a gift from Nemelex Xobeh
 21108 | Spider:2 | Reached XP level 17. HP: 138/150 MP: 27/27
 22026 | Spider:2 | Received a gift from Nemelex Xobeh
 22060 | Spider:2 | Reached skill level 15 in Invocations
 22201 | Spider:3 | Noticed Arachne
 22211 | Spider:3 | Killed Arachne
 22259 | Spider:3 | Got a pitted lajatang
 22260 | Spider:3 | Identified the +6 lajatang of the Ecumenical Temple {slice,
                  | rC- Int+4 Dex+7} (You found it on level 3 of the Spider
                  | Nest)
 22267 | Spider:3 | Noticed Asterion
 22275 | Spider:4 | Entered Level 4 of the Spider Nest
 22634 | Spider:4 | Got a spiked leather armour
 22851 | Spider:4 | Gained mutation: Your spells are a little harder to cast,
                  | but a little more powerful. [a shining eye]
 22856 | Spider:4 | Lost mutation: Your spells are a little harder to cast, but
                  | a little more powerful. [potion of mutation]
 22856 | Spider:4 | Lost mutation: You do not regenerate when monsters are
                  | visible. [potion of mutation]
 22856 | Spider:4 | Gained mutation: You are agile. (Dex +2) [potion of
                  | mutation]
 22856 | Spider:4 | Gained mutation: You have a pair of large horns on your
                  | head. [potion of mutation]
 22856 | Spider:4 | Gained mutation: You have very sharp teeth. [potion of
                  | mutation]
 22928 | Spider:4 | Received a gift from Nemelex Xobeh
 23432 | Spider:4 | Got a steaming ring mail
 23439 | Spider:4 | Got a gossamer rune of Zot
 23610 | Spider:4 | Killed Asterion
 23927 | Spider:3 | Reached skill level 15 in Fighting
 23998 | Spider:3 | Reached XP level 18. HP: 102/163 MP: 28/28
 24006 | Spider:3 | Identified the +2 leather armour "Iloip" {rElec rPois
                  | Regen+ Str+9} (You found it on level 4 of the Spider Nest)
 24595 | Shoals:1 | Entered Level 1 of the Shoals
 24612 | Shoals:1 | Received a gift from Nemelex Xobeh
 24975 | Shoals:1 | Got a crude leather armour
 25045 | Shoals:1 | Noticed Josephine
 25060 | Shoals:1 | Killed Josephine
 25128 | Shoals:1 | Identified the +4 leather armour "Liz Pedwi" {rElec Dex+4}
                  | (You found it on level 1 of the Shoals)
 25227 | Shoals:1 | Received a gift from Nemelex Xobeh
 25305 | Shoals:1 | Found Yna Xate's Gadget Boutique.
 25323 | Shoals:1 | Bought a phantom mirror for 330 gold pieces
 25604 | Shoals:2 | Found a frozen archway.
 25629 | IceCv    | Entered an ice cave
 26471 | IceCv    | Received a gift from Nemelex Xobeh
 26521 | IceCv    | Noticed an Ice Fiend
 26524 | IceCv    | Killed an Ice Fiend
 26545 | IceCv    | Identified the +0 ring mail "Viqubua" {rC+} (You found it
                  | on level 4 of the Spider Nest)
 26546 | IceCv    | Identified the +8 hand axe "Natu" {chop, Str+3} (You found
                  | it in an ice cave)
 27054 | Shoals:2 | Received a gift from Nemelex Xobeh
 27578 | Shoals:3 | Identified Roxanne's Papyrus of Transformation
 27578 | Shoals:3 | Noticed Roxanne
 27600 | Shoals:3 | Killed Roxanne
 27700 | Shoals:3 | Received a gift from Nemelex Xobeh
 27899 | Shoals:3 | Received a gift from Nemelex Xobeh
 28030 | Shoals:4 | Entered Level 4 of the Shoals
 28108 | Shoals:4 | Identified the Catalogue of Clay and the Escort
 28318 | Shoals:4 | Received a gift from Nemelex Xobeh
 28570 | Shoals:4 | Got a barnacled rune of Zot
 28764 | Shoals:4 | Reached XP level 19. HP: 174/174 MP: 30/30
 28876 | Shoals:4 | Got a scorched iron ring
 28877 | Shoals:4 | Identified the ring "Fais" {rCorr Int+4} (You found it on
                  | level 4 of the Shoals)
 29399 | Vaults:1 | Entered Level 1 of the Vaults
 29582 | Vaults:1 | Found Qyexeg's Weapon Boutique.
 29763 | Vaults:1 | Received a gift from Nemelex Xobeh
 30103 | Vaults:1 | Received a gift from Nemelex Xobeh
 30323 | Vaults:1 | Received a gift from Nemelex Xobeh
 30645 | Vaults:2 | Found Toojoil's Weapon Shoppe.
 30696 | Vaults:2 | Found a staircase to the Crypt.
 30696 | Vaults:2 | Received a gift from Nemelex Xobeh
 30824 | Vaults:2 | Noticed Mennas
 30830 | Vaults:2 | Paralysed by a floating eye for 4 turns
 31232 | Vaults:3 | Found a magical portal.
 31362 | WizLab   | Found the +9 staff of Wucad Mu {channel}
 31396 | WizLab   | Reached skill level 5 in Bows
 31396 | WizLab   | Reached XP level 20. HP: 182/182 MP: 27/31
 31722 | Vaults:3 | Received a gift from Nemelex Xobeh
 32586 | Vaults:3 | Reached skill level 15 in Armour
 32592 | Vaults:3 | Reached XP level 21. HP: 59/191 MP: 32/32
 32959 | Vaults:3 | Identified the Guide on Lightness
 32990 | Vaults:4 | Received a gift from Nemelex Xobeh
 33366 | Vaults:4 | Received a gift from Nemelex Xobeh
 34584 | Elf:1    | Entered Level 1 of the Elven Halls
 34771 | Elf:1    | Noticed Frances
 34779 | Elf:1    | Killed Frances
 34844 | Elf:1    | Lost mutation: You are agile. (Dex +2) [potion of mutation]
 34844 | Elf:1    | Lost mutation: You have a pair of large horns on your head.
                  | [potion of mutation]
 34844 | Elf:1    | Lost mutation: You have very sharp teeth. [potion of
                  | mutation]
 34844 | Elf:1    | Gained mutation: You have large cloven feet. [potion of
                  | mutation]
 34844 | Elf:1    | Gained mutation: You are dopey. (Int -2) [potion of
                  | mutation]
 34844 | Elf:1    | Gained mutation: You expend magic power (3 MP) to
                  | strengthen your wands. [potion of mutation]
 34844 | Elf:1    | Gained mutation: You evolve. [potion of mutation]
 35191 | Elf:1    | Received a gift from Nemelex Xobeh
 35799 | Elf:2    | Received a gift from Nemelex Xobeh
 35921 | Elf:2    | Noticed Donald
 35929 | Elf:2    | Killed Donald
 35997 | Elf:2    | Found Jur Mefi's Antique Weapon Shop.
 36197 | Elf:2    | Reached XP level 22. HP: 146/203 MP: 34/34
 36266 | Elf:2    | Received a gift from Nemelex Xobeh
 36513 | Elf:2    | Found a runed translucent door.
 36539 | Elf:2    | Found a runed translucent door.
 36561 | Elf:2    | Gained mutation: You are frail. (-10% HP) [evolution]
 36634 | Elf:3    | Entered Level 3 of the Elven Halls
 37586 | Elf:3    | Got an ancient granite ring
 37592 | Elf:3    | Identified the ring of Peace {-Tele rElec Int+8 Slay+5
                  | SInv} (You found it on level 3 of the Elven Halls)
 37776 | Elf:3    | Identified the +2 scale mail "Ini Quec" {rPois rC+ Str+2
                  | Stlth-}
 37820 | Elf:3    | Identified the cursed +1 leather armour of the Soldier
                  | {MR+} (You found it on level 3 of the Elven Halls)
 37839 | Elf:3    | Identified the Disquisition on Bewitching Moulding
 37946 | Elf:3    | Identified the +6 plate armour "Luasch" {rC- Str+9} (You
                  | found it on level 3 of the Elven Halls)
 38234 | Elf:3    | Received a gift from Nemelex Xobeh
 38356 | Elf:3    | Found Agotz's Food Boutique.
 39055 | Depths:1 | Entered Level 1 of the Depths
 39253 | Depths:1 | Noticed Saint Roka
 39285 | Depths:1 | Killed Saint Roka
 39365 | Depths:1 | Found a gateway to a ziggurat.
 39365 | Depths:1 | Found a one-way gate to the infinite horrors of the Abyss.
 39377 | Depths:1 | Found a gateway to Hell.
 39567 | Depths:1 | Received a gift from Nemelex Xobeh
 40021 | Depths:1 | Found a shimmering blue altar of Sif Muna.
 40056 | Depths:1 | Identified the amulet "Gaok" {RegenMP MR+ Stlth+}
 40716 | Depths:2 | Received a gift from Nemelex Xobeh
 40850 | Depths:2 | Noticed a caustic shrike
 40861 | Depths:2 | Killed a caustic shrike
 41310 | Depths:3 | Reached XP level 23. HP: 181/191 MP: 35/35
 41751 | Depths:3 | Received a gift from Nemelex Xobeh
 41860 | Depths:3 | Noticed a juggernaut
 42244 | Depths:3 | Lost mutation: You are frail. (-10% HP) [evolution]
 42624 | Depths:3 | Killed a juggernaut
 43225 | Depths:3 | Identified the +3 leather armour "Arhyif" {-Tele rN+ MR+
                  | Str+4 Dex+4} (You found it on level 3 of the Depths)
 43391 | Depths:4 | Received a gift from Nemelex Xobeh
 43433 | Depths:4 | Reached XP level 24. HP: 220/225 MP: 35/35
 44538 | Depths:4 | Received a gift from Nemelex Xobeh
 44552 | Depths:4 | Found a radiant altar of Vehumet.
 44552 | Depths:4 | Identified the amulet "Vooxzauxir" {rElec MR+ Regen+ Int+4}
 44556 | Depths:4 | Found a transporter.
 44770 | Depths:4 | Paralysed by a floating eye for 3 turns
 44888 | Depths:4 | Found a transporter.
 44888 | Depths:4 | Identified the Disquisition on Noxious Snow
 44981 | Depths:5 | Entered Level 5 of the Depths
 44995 | Depths:5 | Reached skill level 1 in Throwing
 45310 | Depths:5 | Received a gift from Nemelex Xobeh
 45363 | Depths:5 | Reached XP level 25. HP: 139/234 MP: 22/35
 45640 | Depths:5 | Found a gate to the Realm of Zot.
 45829 | Depths:5 | Reached skill level 5 in Throwing
 46474 | Depths:5 | Received a gift from Nemelex Xobeh
 47139 | Vaults:2 | Killed Mennas
 47369 | Vaults:2 | Received a gift from Nemelex Xobeh
 48511 | Crypt:1  | Entered Level 1 of the Crypt
 48695 | Crypt:3  | Entered Level 3 of the Crypt
 48738 | Crypt:3  | Received a gift from Nemelex Xobeh
 49225 | Crypt:3  | Received a gift from Nemelex Xobeh
 49265 | Crypt:3  | Identified the +3 scythe of Antics {drain, rElec Str+4}
 49613 | Crypt:3  | Found a staircase to the Tomb.
 49621 | Crypt:3  | Gained mutation: Scrolls take you a little longer to read.
                  | [a neqoxec]
 49857 | Crypt:3  | Identified the +9 flail "Zoff" {drain, rF+ Int+7}
 49874 | Crypt:3  | Noticed Margery
 49894 | Crypt:3  | Killed Margery
 49929 | Crypt:3  | Noticed Jory
 50091 | Crypt:3  | Killed Jory
 50167 | Crypt:3  | Identified the +5 quarterstaff "Gahos" {antimagic, rPois
                  | Stlth+}
 50317 | Crypt:3  | Reached skill level 10 in Throwing
 50552 | Crypt:3  | Received a gift from Nemelex Xobeh
 50576 | Crypt:3  | Identified the Tome of the Oath and Darkness
 51119 | Crypt:2  | Found a corrupted altar of Lugonu.
 51171 | Crypt:2  | Gained mutation: You are partially covered in large bone
                  | plates. (SH +4) [evolution]
 51320 | Crypt:2  | Received a gift from Nemelex Xobeh
 51379 | Crypt:2  | Reached XP level 26. HP: 230/245 MP: 35/36
 51883 | Crypt:1  | Received a gift from Nemelex Xobeh
 52015 | Crypt:1  | Noticed a greater mummy
 52027 | Crypt:1  | Killed a greater mummy
 52248 | Crypt:1  | Noticed a greater mummy
 52263 | Crypt:1  | Killed a greater mummy
 52439 | Crypt:1  | Found the amulet of Vitality {Regen+ HP+15}
 52440 | Crypt:1  | Noticed Khufu
 52457 | Crypt:1  | Killed Khufu
 53059 | Vaults:5 | Entered Level 5 of the Vaults
 53059 | Vaults:5 | Received a gift from Nemelex Xobeh
 53062 | Vaults:5 | Noticed an ancient lich
 53357 | Vaults:5 | Identified the +7 war axe "Vyguoqin" {drain, Dex+3}
 53755 | Vaults:5 | Noticed Sojobo
 54358 | Vaults:5 | Killed an ancient lich
 54384 | Vaults:5 | Reached XP level 27. HP: 178/256 MP: 27/36
 54400 | Vaults:5 | Identified the +3 chain mail of the Eight Boll Weevils
                  | {rPois Slay+2}
 54400 | Vaults:5 | Identified the ring "Wufiqoh" {rF++ Str+3 Int-3 Dex+3}
 54768 | Vaults:5 | Identified the ring of Fipse {rC+ MP+9 Int+4 Dex+2} (You
                  | acquired it on level 5 of the Vaults)
 54813 | Vaults:5 | Killed Sojobo
 54833 | Vaults:5 | Identified the cursed ring of Odducweo {rElec EV-5}
 54894 | Vaults:5 | Identified the +12 hand axe of Ocvitodi {speed, rC+}
 54952 | Vaults:5 | Received a gift from Nemelex Xobeh
 55026 | Vaults:5 | Noticed Boris
 55042 | Vaults:5 | Killed Boris
 55065 | Vaults:5 | Gained mutation: Armour fits poorly on your strangely
                  | shaped body. [evolution]
 55162 | Vaults:5 | Got a silver rune of Zot
 55964 | Slime:1  | Entered Level 1 of the Pits of Slime
 55966 | Slime:1  | Gained mutation: Scrolls take you longer to read. [a
                  | shining eye]
 55980 | Slime:1  | Gained mutation: Your magical capacity is low. (-10% MP) [a
                  | shining eye]
 55983 | Slime:1  | Gained mutation: You are frail. (-10% HP) [a shining eye]
 56010 | Slime:2  | Gained mutation: You do not regenerate when monsters are
                  | visible. [a shining eye]
 56321 | Slime:3  | Gained mutation: You are very frail. (-20% HP) [a shining
                  | eye]
 56434 | Slime:4  | Received a gift from Nemelex Xobeh
 56435 | Slime:4  | Gained mutation: You are extremely frail. (-30% HP) [a
                  | shining eye]
 56587 | Slime:5  | Entered Level 5 of the Pits of Slime
 56878 | Slime:5  | Found a viscous altar of Jiyva.
 56884 | Slime:5  | Noticed the Royal Jelly
 56896 | Slime:5  | Received a gift from Nemelex Xobeh
 57871 | Slime:5  | Lost mutation: You are dopey. (Int -2) [potion of mutation]
 57871 | Slime:5  | Lost mutation: Armour fits poorly on your strangely shaped
                  | body. [potion of mutation]
 57871 | Slime:5  | Lost mutation: Scrolls take you longer to read. [potion of
                  | mutation]
 57871 | Slime:5  | Lost mutation: You do not regenerate when monsters are
                  | visible. [potion of mutation]
 57871 | Slime:5  | Gained mutation: You are dopey. (Int -2) [potion of
                  | mutation]
 57871 | Slime:5  | Gained mutation: You have a beak for a mouth. [potion of
                  | mutation]
 57872 | Slime:5  | Lost mutation: Scrolls take you a little longer to read.
                  | [potion of mutation]
 57872 | Slime:5  | Lost mutation: You are dopey. (Int -2) [potion of mutation]
 57872 | Slime:5  | Lost mutation: You expend magic power (3 MP) to strengthen
                  | your wands. [potion of mutation]
 57872 | Slime:5  | Lost mutation: Your magical capacity is low. (-10% MP)
                  | [potion of mutation]
 57872 | Slime:5  | Gained mutation: You expend magic power (3 MP) to
                  | strengthen your wands. [potion of mutation]
 57872 | Slime:5  | Gained mutation: You are partially covered in iridescent
                  | scales. (AC +2) [potion of mutation]
 57873 | Slime:5  | Lost mutation: You are partially covered in iridescent
                  | scales. (AC +2) [potion of mutation]
 57873 | Slime:5  | Lost mutation: You have large cloven feet. [potion of
                  | mutation]
 57873 | Slime:5  | Lost mutation: You expend magic power (3 MP) to strengthen
                  | your wands. [potion of mutation]
 57873 | Slime:5  | Lost mutation: You are extremely frail. (-30% HP) [potion
                  | of mutation]
 57873 | Slime:5  | Gained mutation: You have large cloven feet. [potion of
                  | mutation]
 57874 | Slime:5  | Lost mutation: You are very frail. (-20% HP) [potion of
                  | mutation]
 57874 | Slime:5  | Lost mutation: You have a beak for a mouth. [potion of
                  | mutation]
 57874 | Slime:5  | Lost mutation: You are frail. (-10% HP) [potion of
                  | mutation]
 57874 | Slime:5  | Gained mutation: You have hoof-like feet. [potion of
                  | mutation]
 58074 | Slime:5  | Found the +12 glaive of Prune {chop}
 58205 | Slime:5  | Noticed a titan shaped Royal Jelly
 58205 | Slime:5  | the Royal Jelly changed into a titan shaped Royal Jelly
 58207 | Slime:5  | Noticed an azure jelly shaped Royal Jelly
 58207 | Slime:5  | a titan shaped Royal Jelly changed into an azure jelly
                  | shaped Royal Jelly
 58224 | Slime:5  | Killed an azure jelly shaped Royal Jelly
 58255 | Slime:5  | Got a slimy rune of Zot
 58283 | Slime:5  | Identified the cursed +1 scale mail of Amelioration {rPois
                  | rC+ Dex+2} (You found it on level 5 of the Pits of Slime)
 58419 | Slime:5  | Received a gift from Nemelex Xobeh
 58449 | Slime:5  | Identified the +2 robe of Chimes {rElec rF+} (You found it
                  | on level 5 of the Pits of Slime)
 58975 | Zot:1    | Entered Level 1 of the Realm of Zot
 59465 | Zot:1    | Received a gift from Nemelex Xobeh
 60188 | Zot:2    | Received a gift from Nemelex Xobeh
 60910 | Zot:4    | Received a gift from Nemelex Xobeh
 61348 | Zot:5    | Entered Level 5 of the Realm of Zot
 61352 | Zot:5    | Received a gift from Nemelex Xobeh
 61452 | Zot:5    | Gained mutation: You expend magic power (3 MP) to
                  | strengthen your wands. [evolution]
 61651 | Zot:5    | Noticed an orb of fire
 61654 | Zot:5    | Noticed an orb of fire
 61821 | Zot:3    | Received a gift from Nemelex Xobeh
 62043 | Zot:3    | Received a gift from Nemelex Xobeh
 62176 | Zot:3    | Received a gift from Nemelex Xobeh
 62572 | Zig:1    | Entered Level 1 of a ziggurat
 62593 | Zig:2    | Entered Level 2 of a ziggurat
 62645 | Zig:3    | Entered Level 3 of a ziggurat
 62657 | Zig:3    | Identified the Disquisition on Unstable Feathers
 62674 | Zig:4    | Entered Level 4 of a ziggurat
 62754 | Zig:5    | Entered Level 5 of a ziggurat
 62757 | Zig:5    | Noticed a greater mummy
 62764 | Zig:6    | Entered Level 6 of a ziggurat
 63021 | Zig:6    | Identified the amulet "Zimeynt" {Gourm rPois} (You found it
                  | on level 6 of a ziggurat)
 63089 | Zig:7    | Entered Level 7 of a ziggurat
 63089 | Zig:7    | Received a gift from Nemelex Xobeh
 63239 | Zig:8    | Entered Level 8 of a ziggurat
 63268 | Zig:8    | Identified The Last Secrets of Magic
 63284 | Zig:8    | Identified the ring "Fyipraenn" {rPois rF+++ Str-5 Int+3
                  | Dex+5} (You found it on level 8 of a ziggurat)
 63300 | Zig:9    | Entered Level 9 of a ziggurat
 63313 | Zig:9    | Noticed a juggernaut
 63313 | Zig:9    | Noticed a juggernaut
 63315 | Zig:9    | a juggernaut changed into a caustic shrike
 63321 | Zig:9    | Killed a juggernaut
 63363 | Zig:10   | Entered Level 10 of a ziggurat
 63395 | Zig:10   | Identified the Reference Book on Torrid Ice
 63410 | Zig:10   | Identified the ring of Kangiar {Fire MR+ Str+3} (You found
                  | it on level 10 of a ziggurat)
 63416 | Zig:10   | Identified the ring "Ceomae Vosy" {+Inv rC+ Str-3 Dex+2
                  | Stlth+} (You found it on level 10 of a ziggurat)
 63455 | Zig:11   | Entered Level 11 of a ziggurat
 63492 | Zig:11   | Identified the ring of Jaffer {rF+ Str+3 Dex+4} (You found
                  | it on level 11 of a ziggurat)
 63502 | Zig:11   | Identified the Guide on Talismans
 63554 | Zig:12   | Entered Level 12 of a ziggurat
 63611 | Zig:12   | Identified the +12 plate armour of the Dungeon {Str+2
                  | Int+4} (You found it on level 12 of a ziggurat)
 63630 | Zig:12   | Identified the cursed +1 lajatang "Ikuig" {flame, +Rage
                  | Str-2 Int+4 Stlth+} (You found it on level 12 of a
                  | ziggurat)
 63696 | Zig:13   | Entered Level 13 of a ziggurat
 63696 | Zig:13   | Received a gift from Nemelex Xobeh
 63715 | Zig:13   | Found the +10 zealot's sword {holy, *Rage rN+ EV+3}
 63878 | Zig:13   | Identified the Handbook of Shifting Companions
 63885 | Zig:13   | Identified the ring "Pocei" {EV+4 Int+5} (You found it on
                  | level 13 of a ziggurat)
 64071 | Depths:1 | Voluntarily entered the Abyss.
 64245 | Abyss:1  | Received a gift from Nemelex Xobeh
 64575 | Abyss:1  | Received a gift from Nemelex Xobeh
 64575 | Abyss:1  | Found a blossoming altar of Fedhas.
 64866 | Depths:1 | Escaped the Abyss
 65012 | Depths:1 | Voluntarily entered the Abyss.
 65012 | Abyss:1  | Received a gift from Nemelex Xobeh
 65135 | Abyss:1  | Received a gift from Nemelex Xobeh
 65236 | Abyss:1  | Received a gift from Nemelex Xobeh
 65558 | Abyss:1  | Identified the +4 plate armour "Fyw Jae" {*Corrode rElec
                  | Int+9} (You found it on level 1 of the Abyss)
 65995 | Abyss:1  | Found a corrupted altar of Lugonu.
 66008 | Abyss:1  | Found a corrupted altar of Lugonu.
 66078 | Abyss:1  | Received a gift from Nemelex Xobeh
 66258 | Abyss:4  | Found a corrupted altar of Lugonu.
 66258 | Abyss:4  | Received a gift from Nemelex Xobeh
 66306 | Abyss:4  | Found a corrupted altar of Lugonu.
 66319 | Abyss:4  | Got an abyssal rune of Zot
 66342 | Abyss:4  | Found a burning altar of Makhleb.
 66407 | Depths:1 | Escaped the Abyss
 66709 | Zot:5    | Noticed an ancient lich
 66724 | Zot:5    | Killed an ancient lich
 66724 | Zot:5    | Noticed an ancient lich
 66733 | Zot:5    | Killed an ancient lich
 66885 | Zot:5    | Noticed an orb of fire
 66887 | Zot:5    | Gained mutation: You are occasionally teleported next to
                  | monsters. [an orb of fire]
 66913 | Zot:5    | Killed an orb of fire
 66982 | Zot:5    | Noticed an orb of fire
 66988 | Zot:5    | Gained mutation: You have hooves in place of feet. [an orb
                  | of fire]
 66997 | Zot:5    | Gained mutation: Your body sometimes deteriorates upon
                  | taking damage. [an orb of fire]
 66999 | Zot:5    | Killed an orb of fire
 67000 | Zot:5    | Noticed an orb of fire
 67009 | Zot:5    | Gained mutation: Your magical capacity is low. (-10% MP)
                  | [an orb of fire]
 67011 | Zot:5    | Killed an orb of fire
 67323 | Zot:5    | Noticed an orb of fire
 67343 | Zot:5    | Gained mutation: You are frail. (-10% HP) [an orb of fire]
 67355 | Zot:5    | Gained mutation: You tend to lose your temper in combat.
                  | [an orb of fire]
 67356 | Zot:5    | Gained mutation: You are clumsy. (Dex -2) [an orb of fire]
 67357 | Zot:5    | Killed an orb of fire
 67357 | Zot:5    | Reached skill level 27 in Armour
 67361 | Zot:5    | Lost mutation: Your body sometimes deteriorates upon taking
                  | damage. [potion of mutation]
 67361 | Zot:5    | Lost mutation: You expend magic power (3 MP) to strengthen
                  | your wands. [potion of mutation]
 67361 | Zot:5    | Lost mutation: You tend to lose your temper in combat.
                  | [potion of mutation]
 67361 | Zot:5    | Lost mutation: Your magical capacity is low. (-10% MP)
                  | [potion of mutation]
 67361 | Zot:5    | Gained mutation: You are resistant to hostile enchantments.
                  | (MR+) [potion of mutation]
 67439 | Zot:5    | Gained mutation: You are weak. (Str -2) [an orb of fire]
 67442 | Zot:5    | Lost mutation: You are weak. (Str -2) [an orb of fire]
 67453 | Zot:5    | Killed an orb of fire
 67454 | Zot:5    | Noticed an orb of fire
 67455 | Zot:5    | Gained mutation: You are weak. (Str -2) [an orb of fire]
 67464 | Zot:5    | Killed an orb of fire
 67485 | Zot:5    | Noticed an ancient lich
 67498 | Zot:5    | Killed an ancient lich
 67834 | Zot:5    | Noticed an orb of fire
 67843 | Zot:5    | Gained mutation: You are very clumsy. (Dex -4) [an orb of
                  | fire]
 67849 | Zot:5    | Gained mutation: You are very frail. (-20% HP) [an orb of
                  | fire]
 67854 | Zot:5    | Killed an orb of fire
 67954 | Zot:5    | Lost mutation: You are weak. (Str -2) [potion of mutation]
 67954 | Zot:5    | Lost mutation: You are very frail. (-20% HP) [potion of
                  | mutation]
 67954 | Zot:5    | Gained mutation: Your magical capacity is low. (-10% MP)
                  | [potion of mutation]
 67954 | Zot:5    | Gained mutation: Your mind is acute. (Int +2) [potion of
                  | mutation]
 67963 | Zot:5    | Got the Orb of Zot
 68014 | Zot:5    | Learned a level 3 spell: Regeneration
 68110 | Zot:1    | Reached skill level 27 in Fighting
 68110 | Zot:1    | Reached skill level 1 in Necromancy
 68215 | Zot:1    | Reached skill level 1 in Spellcasting
 68236 | Zot:1    | Learned a level 2 spell: Passwall
 68730 | D:$      | Escaped with the Orb!

Levels and vault maps discovered:
D:1:      scummos_arrival_checkerplants, layout_basic
D:2:      layout_basic, nemelex_altar_shiori, minmay_liquid_box
D:3:      layout_loops_cross, lemuel_round_altar, uniq_crazy_yiuf_cottage
D:4:      layout_rooms, old_standard_altar, nicolae_overflow_crystal_walls,
          lemuel_crystal_altar, kennysheep_mini_moat, fiery_altar_vehumet,
          first_ration, minmay_tree_intersection
D:5:      minmay_angry_zag, layout_loops_ring, elyvilon_altar_4, fedhas_altar_2
D:6:      layout_loops_corners, overflow_temple_1_default,
          eat_drink_and_be_merry_uskayaw, grunt_gozag_statues,
          nicolae_ossuary_entry_giza, st_stairs_10, uniq_blork_the_orc
D:7:      layout_loops_ring, trog_ov_bears_minmay,
          minmay_temple_entry_offerings, serial_shops, shop, uniq_pikel,
          uniq_duvessa
D:8:      layout_cave_pools
D:9:      minmay_the_grid_square_5x5_4x4 [minmay_the_grid_square_5x5_shrine2,
          minmay_the_grid_square_5x5_fancy_junction,
          minmay_the_grid_square_5x5_checkered_sparse,
          minmay_the_grid_square_5x5_comb, minmay_the_grid_square_5x5_seven,
          minmay_the_grid_square_5x5_prize_snowflake,
          minmay_the_grid_square_5x5_prize_waves,
          minmay_the_grid_square_5x5_two_walls_a,
          minmay_the_grid_square_5x5_half_checkered,
          minmay_the_grid_square_5x5_prize_itemx,
          minmay_the_grid_square_5x5_prize_gold,
          minmay_the_grid_square_5x5_fat_x,
          minmay_the_grid_square_5x5_checkered_statues,
          minmay_the_grid_square_5x5_gyroscope,
          minmay_the_grid_square_5x5_n_small,
          minmay_the_grid_square_5x5_bracketed], layout_grid_maze,
          kennysheep_mini, lair_entry_dummy
D:10:     layout_irregular_city, hangedman_abyss_or_decor_clamps
D:11:     layout_loops_cross, david_orc_5, hangedman_pestilent_swarm
D:12:     layout_irregular_city, enter_bailey_3, minivault_16,
          corexii_leaking_fountain
D:13:     cheibrodos_magma_flow, layout_rooms, david_vaults_5, serial_shops,
          nicolae_shop_crystal, shop, uniq_urug
D:14:     layout_basic
D:15:     grunt_enter_depths_hoard, layout_irregular_city,
          hangedman_abyss_or_decor_stabs, serial_glass, glass_columns_b,
          glass_columns_c, minmay_strange_pillars, feat_on_display
Lair:1:   layout_roguey, st_stairs_10, lemuel_fruit_tree, grunt_megastairs_2,
          infiniplex_staircase_pool, lemuel_fruit_fields, uniq_gastronok
Lair:2:   layout_gridlike, spider_nest_entry_web_field, gauntlet_entry_generic,
          ebering_ghost_disaster_area
Lair:3:   layout_regular_city, nicolae_volcano_entry_lava_flow,
          serial_bayou_crossing, uniq_nergalle
Lair:4:   layout_gridlike, minmay_shoals_entry_centaurs, serial_bayou,
          serial_bayou_pond_d, serial_bayou_ford_a, serial_bayou_lake_a,
          serial_bayou_lagoon_b, serial_bayou_pond_a, uniq_rupert, uniq_sonja
Lair:5:   layout_cave_pods, nicolae_quartered_pool_little, beast_lair_carwin_10
Lair:6:   grunt_lair_end_beastmaster, layout_misc_corridors, slime_altar_1
Shoals:1: layout_shoals, serial_shops, shop, nicolae_shoals_kraken_intersection,
          uniq_josephine
Shoals:2: layout_shoals, portal_ice_cave_entry_pillars_2,
          nicolae_shoals_circle_sea_wall
Shoals:3: layout_shoals, uniq_roxanne
Shoals:4: shoals_end_grunt_ice, layout_shoals
Spider:1: layout_spider_delve, uniq_nikola
Spider:2: layout_spider_delve
Spider:3: layout_spider_delve, uniq_arachne, uniq_asterion
Spider:4: grunt_spider_rune_parallel, drop_trap
Slime:1:  layout_caves
Slime:2:  layout_caves
Slime:3:  layout_caves, cheibrodos_slime_lost_civilization_5
Slime:4:  layout_caves
Slime:5
Orc:1:    layout_diamond_mine, mines4_lemuel
Orc:2:    pf_orc_diabolical, layout_diamond_mine, mines3_lemuel, uniq_jorgrun
Elf:1:    kennysheep_room_grid, layout_gridlike, hangedman_corner_corridor,
          minivault_23, elves_outpost_lemuel, uniq_frances
Elf:2:    layout_onion_city, serial_shops, shop, grunt_ministairs_15,
          uniq_donald
Elf:3:    grunt_elf_hall_spiral, layout_gridlike, serial_shops, shop_fountains
Vaults:1: nicolae_vaults_disjoint_gnomons, nicolae_vaults_circle_grid_b,
          nicolae_vaults_sealed_display, layout_vaults_omnigrid, serial_shops,
          nicolae_shop_temple_entry_statues_fountains
Vaults:2: v_misc_5, nicolae_vaults_network_quinsquares
          [nicolae_vaults_network_quincunx_subvault,
          nicolae_vaults_network_quincunx_subvault,
          nicolae_vaults_network_quincunx_subvault,
          nicolae_vaults_network_quincunx_subvault],
          minmay_crypt_entry_simple_round, v_misc_2, vaults_dpeg_doors,
          ontoclasm_vaults_loading_screen, vaults_room_pools,
          dpeg_vaults_monster_box, layout_vaults_big_room, serial_shops, shop,
          uniq_mennas
Vaults:3: v_alt_pattern_3, ontoclasm_vaults_ring_small, hangedman_vaults_impose,
          hangedman_vaults_corner, ontoclasm_vaults_shuriken,
          vaults_room_glass_cross, nicolae_vaults_angled_halls,
          vaults_standard_mumra_x, v_misc_11, ontoclasm_vaults_eye,
          nicolae_vaults_ninety_degrees, vaults_room_grid,
          nicolae_vaults_mini_display_case, grunt_vaults_hallway_long,
          vaults_room_pools, layout_vaults_omnibox, serial_hangedman_research,
          hangedman_research_electronics, mu_enter_wizlab_4
Vaults:4: grunt_vaults_hallway_long, nicolae_vaults_network_s,
          vaults_room_corners, nicolae_vaults_meeting, vaults_mumra_chevron,
          vaults_room_fours, nicolae_vaults_little_squares_1,
          hangedman_vaults_stagger, ontoclasm_vaults_idyll,
          ontoclasm_vaults_ring_square, v_pattern_1, v_misc_3,
          layout_vaults_big_cross
Vaults:5: uniq_boris, uniq_sojobo
Crypt:1:  ragdoll_tomb_raider, layout_gridlike
Crypt:2:  layout_catacombs, minivault_11, grunt_ministairs_13,
          lemuel_hellish_altar
Crypt:3:  due_elkab, layout_chaotic_city, tomb_entry_shell_bobbens,
          minmay_guarded_unrand_curses, uniq_margery
Depths:1: layout_basic, enter_ziggurat_a, abyss_entry, serial_corexii_hall,
          corexii_hall_statues_i, corexii_hall_statues_l,
          corexii_hall_statues_i, corexii_hall_statues_x, hell_entry, drop_trap,
          hangedman_summoners_spam, uniq_saint_roka
Depths:2: minmay_stepped, layout_long_grid, pf_coc_iceberg,
          minmay_misc_feat_five
Depths:3: evilmike_diamond_2, layout_small_grid, dk_noncrumbling_2,
          hangedman_geh_valley, rand_demon_pan_entry_9, minmay_staircase_statues
Depths:4: gammafunk_sealed_library, layout_basic, pan_entry, hell_entry,
          marbit_kobold_abyss_entry, minmay_staircase_bubble,
          serial_bayou_shore_b
Depths:5: evilmike_zot_entry_diamond, layout_cave_shapes,
          chequers_serial_rivers_micro_e, abyss_entry, pf_hell_entry_tar_river,
          minmay_misc_feat_four_crosses
Zot:1:    layout_misc_corridors, st_stairs_1
Zot:2:    layout_misc_corridors
Zot:3:    layout_onion
Zot:4:    layout_misc_corridors
Zot:5:    layout_misc_corridors, st_stairs_7

Skill      XL: |  1  2  3  4  5  6  7  8  9 10 11 12 13 14 15 16 17 18 19 20 21 22 23 24 25 26 27 |
---------------+----------------------------------------------------------------------------------+-----
Shields        | 4 5 6 7 9 10 11 13 14 15 | 15.7
Axes           | 3 4 5 7 8 10 11 13 14 15 16 18 | 18.8
Fighting       | 4 5 6 7 8 9 10 11 13 15 16 17 18 19 20 21 22 27 | 27.0
Armour         | 4 5 6 7 8 9 10 12 14 15 16 18 20 21 22 23 27 | 27.0
Dodging        | 1 2 3 4 6 7 12 15 16 17 18 19 20 21 22 26 | 26.5
Invocations    | 1 2 3 5 6 7 9 11 13 14 15 16 17 18 19 20 21 24 | 24.7
Bows           | 5 |  5.1
Throwing       | 3 10 12 13 | 13.4
Necromancy     | 2 |  2.0
Spellcasting   | 1 |  1.6

Action                   |  1- 3 |  4- 6 |  7- 9 | 10-12 | 13-15 | 16-18 | 19-21 | 22-24 | 25-27 || total
-------------------------+-------+-------+-------+-------+-------+-------+-------+-------+-------++-------
Melee: War axe           |   114 |   130 |   272 |   390 |   832 |  1298 |  1076 |  1054 |  3129 ||  8295
       Headbutt          |     8 |    21 |    54 |    74 |   155 |   318 |   264 |   279 |   982 ||  2155
       Bite              |       |       |       |       |       |   105 |   121 |       |       ||   226
       Kick              |       |       |       |       |       |       |       |       |    92 ||    92
 Cast: Regeneration      |       |       |       |       |       |       |       |       |     3 ||     3
       Passwall          |       |       |       |       |       |       |       |       |     1 ||     1
Invok: Deal Four         |       |       |       |       |       |     1 |       |       |     1 ||     2
 Abil: Draw Destruction  |       |       |     1 |     5 |    12 |    17 |    22 |    10 |    81 ||   148
       Draw Summoning    |       |       |     1 |     3 |     2 |     1 |       |       |     7 ||    14
       Draw Escape       |       |       |       |     1 |     1 |       |     1 |       |       ||     3
Evoke: Wand              |       |       |    14 |    19 |    16 |     9 |     5 |     5 |    15 ||    83
       Lamp of fire      |       |       |       |       |       |       |       |       |     2 ||     2
  Use: Scroll            |     1 |     7 |    10 |    11 |    20 |    28 |     7 |    16 |    55 ||   155
       Potion            |       |     4 |     6 |     9 |     9 |    14 |     6 |    12 |    31 ||    91
 Stab: Paralysed         |       |       |     2 |     9 |     2 |       |       |       |       ||    13
       Invisible         |       |       |       |       |    12 |     2 |       |     1 |     7 ||    22
       Petrified         |       |       |       |       |     5 |       |       |       |     7 ||    12
       Held in net/web   |       |       |       |       |       |     2 |       |       |       ||     2
       Distracted        |       |       |       |       |       |     1 |     1 |     1 |     8 ||    11
       Confused          |       |       |       |       |       |     4 |       |       |       ||     4
       Petrifying        |       |       |       |       |       |       |       |       |     1 ||     1
  Eat: Chunk             |       |    21 |    15 |    19 |    27 |    12 |     7 |    10 |     7 ||   118
       Ration            |       |       |     1 |       |       |     5 |     5 |     7 |    21 ||    39
Armor: Scale mail        |    14 |       |       |       |       |       |       |       |       ||    14
       Ice dragon scales |    56 |    56 |   118 |    52 |       |       |       |       |       ||   282
       Skin              |       |       |     8 |       |       |       |       |       |       ||     8
       Leather armour    |       |       |       |    30 |    28 |       |       |       |       ||    58
       Chain mail        |       |       |       |       |   195 |   526 |   278 |   298 |   481 ||  1778
       Troll leather arm |       |       |       |       |       |       |       |       |   159 ||   159
Dodge: Dodged            |    33 |    37 |    65 |   187 |   205 |   529 |   287 |   410 |  1432 ||  3185
Block: Shield            |    61 |    71 |   152 |   275 |   417 |  1223 |   724 |   583 |  2189 ||  5695
       Reflection        |       |       |       |       |       |    42 |   109 |    52 |    53 ||   256
